 Dungeon Crawl Stone Soup version 0.19-a0-981-gaae9137 (webtiles) character file.

53 sefie the Slasher (level 4, -6/30 HPs)
             Began as a Halfling Fighter on July 14, 2016.
             Killed from afar by a white imp (10 damage)
             ... with a puff of frost
             ... summoned by Natasha
             ... on level 2 of the Dungeon.
             The game lasted 00:04:10 (1108 turns).

sefie the Slasher (Halfling Fighter)                Turns: 1108, Time: 00:04:11

Health: -6/30      AC:  6    Str: 16    XL:     4   Next: 11%
Magic:  4/4        EV:  8    Int:  7    God:
Gold:   106        SH:  9    Dex: 14    Spells: 0 memorised, 3 levels left

rFire  . . .     SeeInvis .     a - +0 long sword
rCold  . . .     Gourm    .     b - +0 scale mail
rNeg   . . .     Faith    .     c - +0 shield
rPois  .         Spirit   .     (no helmet)
rElec  .         Dismiss  .     (no cloak)
rCorr  .         Reflect  .     (no gloves)
SustAt .         Harm     .     (no boots)
MR     .....                    (no amulet)
Stlth  ..........               (no ring)
                                (no ring)

@: not resistant to hostile enchantments, extremely unstealthy
A: mutation resistance 1
a: no special abilities


You were on level 2 of the Dungeon.
You were not hungry.

You visited 1 branch of the dungeon, and saw 2 of its levels.

You collected 106 gold pieces.

Inventory:

Hand Weapons
 a - a +0 long sword (weapon)
Armour
 b - a +0 scale mail (worn)
 c - a +0 shield (worn)
Scrolls
 e - 7 scrolls of identify {unknown}
 h - 2 scrolls of teleportation {unknown}
 i - a scroll of enchant weapon {unknown}
 l - 2 scrolls of fog {unknown}
 o - 3 scrolls of immolation {unknown}
 p - a scroll of recharging {unknown}
 q - a scroll of amnesia {unknown}
Potions
 d - a potion of might
 j - a potion of curing {unknown}
Comestibles
 f - a bread ration
 g - a chunk of flesh
 k - a meat ration
 m - 2 royal jellies
 n - a beef jerky
 r - a slice of pizza


   Skills:
 - Level 2.6 Fighting
 + Level 4.0 Long Blades
 - Level 3.2 Armour
 - Level 3.2 Shields


You had 3 spell levels left.
You didn't know any spells.

Dungeon Overview and Level Annotations

Branches:
Dungeon (2/15)

Altars:

Annotations:
D:2 Natasha


Innate Abilities, Weirdness & Mutations

You are small and have problems with some larger weapons.
You are somewhat resistant to further mutation.


Message History

* * * LOW HITPOINT WARNING * * *
You block the white imp's attack.
Unknown command.
Okay, then.
Unknown command.
Unknown command.
Unknown command.
Unknown command.
You closely miss Natasha.
Natasha is moderately wounded.
Natasha stares at you and mumbles some strange words.
You resist with some effort.
The white imp hits you but does no damage.
You closely miss Natasha.
Natasha is moderately wounded.
Natasha claws you.
* * * LOW HITPOINT WARNING * * *
The white imp gestures at you. The puff of frost hits you!
You die...

..# ####.# ..... ...# ..#
#....# ....# #.h# #
..###.#..#####..###.#..##.#
.##...................h...#
###.##.##.##...# ###.####
#.##.##.# #.# #......#
#.##....####.### #.#.##.♣
#.####..##.....# #...##♣♣
#.####..#♣.♣.♣@♣#♣.♣.....♣
#.............5h.....#.♣P..
######.#.♣.♣.♣.♣#♣.♣##.♣ .
#.#.......# #... .
#.######### ##### .. #.# ..
#.# #.# #^.


You could see Natasha and a white imp.

Vanquished Creatures
  Ijyb (D:2)
  An adder (D:2)
  A worm (D:2)
  A giant gecko (D:1)
  4 goblins (D:1)
  2 hobgoblins
  A quokka (D:2)
  A bat (D:1)
  2 giant newts
  A kobold (D:1)
  2 rats (D:1)
17 creatures vanquished.

Notes
Turn   | Place    | Note
-------+----------+-------------------------------------------
     0 | D:1      | sefie the Halfling Fighter began the quest for the Orb.
     0 | D:1      | Reached XP level 1. HP: 15/15 MP: 1/1
   309 | D:1      | Reached XP level 2. HP: 20/20 MP: 2/2
   811 | D:2      | Reached skill level 3 in Long Blades
   868 | D:2      | Reached XP level 3. HP: 21/25 MP: 3/3
   961 | D:2      | Noticed Ijyb
   981 | D:2      | Killed Ijyb
   981 | D:2      | Reached skill level 4 in Long Blades
   981 | D:2      | Reached XP level 4. HP: 28/30 MP: 4/4
  1093 | D:2      | Noticed Natasha
  1108 | D:2      | Killed from afar by a white imp

Vault maps used:
D:1:      nagdon_arrival_double_spiral, corexii_hall_statues_x,
          minmay_misc_feat_secret_circle, amethyst_killhole,
          hangedman_decor_riveting
D:2:      first_bread, serial_forest, infiniplex_forest_straight_5,
          infiniplex_forest_lined_3, infiniplex_forest_diagonal,
          infiniplex_forest_straight_2, infiniplex_forest_3_way,
          serial_park_tiny_1, kennysheep_jessica_study, uniq_jessica, uniq_iyjb,
          uniq_natasha

Skill      XL: |  1  2  3 |
---------------+----------+-----
Long Blades    | 3 4 |  4.0
Fighting       | |  2.6
Armour         | |  3.2
Shields        | |  3.2

Action                   |  1- 3 |  4- 6 || total
-------------------------+-------+-------++-------
Melee: Long sword        |    61 |    18 ||    79
  Eat: Chunk             |       |     1 ||     1
Armor: Scale mail        |    17 |     5 ||    22
Dodge: Dodged            |    16 |     2 ||    18
Block: Shield            |    28 |    11 ||    39
